Map: King Sejong Station LE

Players

MarineLorD

  • Race: Terran Terran

HeroMarine - Winner!

  • Race: Terran Terran

Event: 2016 WCS Summer Circuit Championship (DH Montreal)

VOD

Have the link to the VOD?

Description

Time

  • Played on: Aug. 13, 2016, 12:30 p.m.
  • Length: 13:47

All games in this series

Show
View Real Time Build Order
Export as new Build Order

MarineLorD Terran 

Build Orders: Reaper Expand, Bio Tank 

Get SALT Encoding   

  12  0:00  SCV  
  13  0:12  SCV  
  14  0:16  Supply Depot  
  14  0:24  SCV  
  15  0:38  Refinery, SCV  
  16  0:42  Barracks  
  16  0:50  SCV  
  17  1:02  SCV  
  18  1:14  SCV  
  19  1:29  Orbital Command  
  19  1:30  Reaper  
  20  1:44  Command Center  
  20  1:59  SCV  
  20  2:08  Factory  
  20  2:11  SCV  
  20  2:15  Supply Depot, Barracks Reactor  
  21  2:20  Refinery  
  21  2:23  SCV  
  22  2:35  SCV  
  23  2:48  SCV  
  24  2:51  Marine x2  
  24  2:53  Hellion  
  24  2:58  Orbital Command  
  28  3:00  SCV  
  28  3:12  SCV  
  28  3:13  Starport, Marine x2  
  28  3:15  Hellion  
  33  3:24  SCV  
  33  3:25  SCV  
  35  3:36  Hellion  
  35  3:37  SCV  
  35  3:40  Supply Depot, Marine x2  
  40  3:42  SCV  
  41  3:49  SCV  
  41  3:52  Medivac  
  41  3:54  SCV  
  45  3:57  Marine  
  45  3:58  Supply Depot  
  45  4:01  Marine  
  45  4:02  Hellion, SCV  
  50  4:06  SCV  
  50  4:09  Supply Depot  
  51  4:14  SCV  
  52  4:18  SCV  
  52  4:19  Marine x2  
  52  4:22  Widow Mine  
  57  4:24  Medivac  
  57  4:26  SCV  
  57  4:30  SCV  
  61  4:35  Engineering Bay  
  61  4:36  Supply Depot  
  61  4:37  Marine x2  
  61  4:38  SCV  
  64  4:42  SCV  
  65  4:50  SCV  
  66  4:53  Factory Tech Lab  
  66  4:54  SCV  
  66  4:55  Marine x2  
  69  5:02  SCV  
  69  5:06  SCV  
  69  5:13  Marine x2  
  62  5:14  SCV  
  62  5:19  SCV  
  63  5:21  Refinery  
  63  5:22  Command Center  
  63  5:23  Refinery  
  63  5:26  SCV  
  58  5:31  Marine x2, SCV  
  58  5:35  Terran Infantry Weapons Level 1  
  59  5:36  Viking  
  59  5:38  Siege Tank  
  59  5:39  Engineering Bay  
  59  5:41  SCV  
  65  5:43  SCV  
  65  5:48  Supply Depot  
  66  5:53  SCV  
  66  5:55  SCV  
  68  5:58  Barracks Tech Lab  
  68  6:05  SCV  
  68  6:06  Barracks  
  68  6:07  Barracks, SCV  
  68  6:08  Terran Infantry Armor Level 1  
  68  6:10  Supply Depot, Siege Tank  
  73  6:18  SCV  
  74  6:19  Marine, SCV  
  74  6:20  Stimpack  
  74  6:21  Viking  
  74  6:23  Viking  
  80  6:30  Supply Depot, SCV  
  80  6:32  Supply Depot  
  81  6:33  SCV  
  81  6:34  Orbital Command  
  81  6:37  Marine  
  83  6:42  Siege Tank  
  83  6:46  SCV  
  87  6:54  Viking x2  
  89  6:55  Marine  
  89  6:57  Barracks Reactor x2  
  89  7:01  Barracks x2  
  92  7:02  Armory  
  92  7:12  SCV x2  
  92  7:13  Marine  
  92  7:14  Siege Tank  
  98  7:20  Orbital Command  
  98  7:24  Refinery  
  98  7:27  SCV x2  
  98  7:28  Refinery  
  100  7:31  Marine  
  100  7:33  Medivac x2  
  105  7:38  Marine x4  
  105  7:43  Supply Depot  
  109  7:44  Supply Depot  
  109  7:45  SCV x2  
  109  7:46  Siege Tank, SCV  
  109  7:50  Barracks Reactor x2  
  115  7:56  Terran Infantry Weapons Level 2  
  115  7:57  SCV  
  115  7:58  SCV  
  117  8:03  Marine x2  
  117  8:04  Marine  
  120  8:06  Supply Depot  
  120  8:10  Medivac  
  122  8:13  Medivac  
  122  8:15  Marine x2  
  122  8:18  Siege Tank  
  122  8:19  SCV x2  
  132  8:23  Terran Infantry Armor Level 2  
  132  8:25  Supply Depot  
  131  8:28  Combat Shields  
  131  8:34  Terran Vehicle Weapons Level 1  
  131  8:35  Marine x7  
  131  8:37  Marine  
  131  8:39  Marine  
  140  8:53  Marine x5, Medivac x2  
  140  8:54  Marine x2  
  140  8:55  Marine  
  152  8:57  Marine  
  152  9:02  Supply Depot  
  152  9:04  Supply Depot x2  
  152  9:05  Supply Depot  
  152  9:09  Siege Tank  
  155  9:10  Marine  
  155  9:11  Marine  
  155  9:15  Marine  
  157  9:24  Marine x6  
  157  9:25  Supply Depot  
  157  9:26  Supply Depot  
  157  9:27  Sensor Tower  
  157  9:28  Supply Depot x2, Marine x2, Factory  
  165  9:32  Viking  
  165  9:33  Viking, Marine  
  170  9:42  Marine x6, Siege Tank  
  177  9:46  Marine x2  
  177  9:51  Marine  
  180  9:59  Marine x6  
  175  10:04  Marine x2  
  179  10:08  Marine  
  179  10:13  Factory Tech Lab, Terran Infantry Weapons Level 3  
  170  10:14  Siege Tank  
  170  10:15  Command Center  
  170  10:17  Marine x4  
  170  10:18  Viking  
  170  10:20  Viking  
  180  10:23  Marine x2  
  180  10:27  Marine  
  186  10:39  Siege Tank  
  186  10:40  Terran Vehicle Weapons Level 2  
  182  10:46  Marine, Siege Tank  
  182  10:47  Marine x2  
  188  10:53  Marine x2  
  188  10:55  Marine  
  188  10:56  Marine x3  
  194  11:00  Terran Infantry Armor Level 3  
  194  11:03  Marine  
  195  11:05  Marine  
  195  11:08  Marine  
  195  11:11  Marine, Siege Tank  
  199  11:18  Marine x2  
  197  11:24  Marine x5  
  165  11:27  Marine, Siege Tank  
  165  11:29  Marine  
  165  11:31  Viking  
  163  11:36  Viking, Marine x2  
  167  11:42  Marine x5  
  167  11:45  Marine  
  165  11:47  Marine  
  165  11:53  Marine  
  165  11:54  Marine  
  153  12:00  Marine x4  
  158  12:01  Medivac  
  158  12:04  Siege Tank  
  158  12:06  Medivac  
  158  12:07  Marine  
  158  12:08  Marine  
  167  12:09  Marine  
  167  12:11  Marine  
  167  12:13  Marine  
  170  12:17  Marine  
  170  12:18  Marine  
  161  12:22  Marine x2  
  161  12:24  Orbital Command  
  161  12:25  Marine  
  161  12:26  Marine  
  161  12:27  Marine  
  135  12:31  Medivac  
  137  12:41  Medivac  
  137  12:42  Marine x2  
  141  12:46  Marine x3  
  141  12:49  Marine  
  141  12:50  Marine  
  146  12:52  Marine  
  126  12:59  Siege Tank  
  126  13:01  Medivac  
  126  13:02  Marine  
  126  13:03  Marine x2  
  126  13:04  Marine x3  
  107  13:06  Marine  
  107  13:08  Marine, Orbital Command  
  107  13:10  Marine  
  108  13:19  Marine  
  105  13:20  Marine  
  105  13:21  Marine x2  
  105  13:23  Marine  
  105  13:24  Marine  
  105  13:25  Marine  
  115  13:28  Marine x2  
Show
View Real Time Build Order
Export as new Build Order

HeroMarine Terran - Winner!

Build Orders: Reaper Expand, Bio Tank 

Get SALT Encoding   

  12  0:00  SCV  
  13  0:12  SCV  
  14  0:17  Supply Depot  
  14  0:25  SCV  
  15  0:38  SCV  
  15  0:40  Barracks  
  16  0:43  Refinery  
  16  0:50  SCV  
  17  1:03  SCV  
  18  1:15  SCV  
  19  1:28  Reaper, Orbital Command  
  20  1:43  Command Center  
  20  1:55  SCV  
  20  2:00  Reaper  
  22  2:04  Supply Depot  
  22  2:08  SCV  
  23  2:20  Factory  
  23  2:25  SCV  
  24  2:38  SCV  
  24  2:42  Barracks Reactor  
  25  2:48  Command Center  
  25  2:50  SCV  
  26  3:06  Hellion  
  26  3:07  SCV  
  26  3:09  Refinery  
  29  3:17  Orbital Command  
  29  3:19  Starport, Marine, SCV  
  30  3:22  Marine  
  32  3:31  Factory Tech Lab, SCV  
  32  3:37  Marine  
  32  3:40  Marine  
  34  3:44  SCV  
  34  3:56  Cyclone, SCV  
  34  3:58  Marine x2  
  34  4:00  Orbital Command  
  41  4:03  SCV  
  41  4:08  SCV  
  43  4:10  Viking  
  43  4:15  SCV  
  43  4:16  Marine x2  
  48  4:20  SCV  
  49  4:27  SCV x2  
  51  4:32  SCV  
  51  4:33  Siege Tank  
  51  4:35  Refinery  
  51  4:36  Marine, Refinery  
  56  4:39  SCV x2  
  56  4:40  Marine  
  56  4:44  SCV  
  60  4:46  Supply Depot  
  60  4:47  Supply Depot  
  60  4:51  SCV  
  61  5:01  SCV x2  
  61  5:03  Marine x2  
  61  5:06  SCV  
  61  5:13  SCV x2  
  60  5:14  Viking  
  60  5:16  Siege Tank  
  60  5:18  SCV  
  66  5:25  Marine, SCV x2  
  67  5:30  SCV  
  64  5:37  SCV  
  64  5:38  SCV  
  64  5:42  SCV  
  67  5:44  Engineering Bay  
  67  5:45  Engineering Bay  
  70  5:50  SCV x2  
  70  5:57  Siege Tank  
  70  5:58  Barracks Tech Lab  
  70  5:59  Viking, Orbital Command  
  70  6:02  SCV  
  70  6:03  Viking  
  77  6:04  SCV  
  77  6:10  Orbital Command  
  78  6:14  Barracks  
  78  6:15  SCV  
  78  6:16  Barracks  
  78  6:17  SCV  
  80  6:20  Terran Infantry Weapons Level 1  
  80  6:22  Stimpack  
  80  6:24  Terran Infantry Armor Level 1  
  80  6:28  SCV  
  80  6:30  SCV  
  83  6:37  Supply Depot  
  83  6:38  Supply Depot, SCV  
  84  6:40  SCV  
  84  6:42  SCV  
  85  6:56  Barracks  
  85  6:57  Barracks  
  85  6:59  Marine, Siege Tank, SCV x3  
  85  7:00  Viking  
  94  7:03  Viking  
  94  7:08  Barracks Reactor x2  
  96  7:11  Supply Depot x2, SCV  
  96  7:13  Supply Depot  
  96  7:14  SCV x2  
  99  7:16  Marine  
  99  7:20  Sensor Tower  
  99  7:22  Refinery x2  
  100  7:23  SCV  
  100  7:27  Armory  
  101  7:31  SCV  
  101  7:32  Medivac, SCV  
  101  7:33  Medivac  
  101  7:35  Supply Depot, SCV  
  101  7:36  Marine  
  108  7:42  Siege Tank  
  108  7:43  Missile Turret, SCV  
  112  7:46  SCV  
  112  7:47  SCV  
  112  7:48  Marine  
  112  7:50  Barracks Reactor  
  112  7:51  Supply Depot, Barracks Reactor  
  115  7:52  Marine x3  
  115  7:53  Supply Depot  
  115  7:56  Marine  
  119  8:00  Supply Depot  
  119  8:02  Factory  
  119  8:03  Supply Depot  
  119  8:05  Supply Depot, Marine  
  119  8:09  Marine  
  119  8:10  Marine  
  119  8:11  Marine  
  127  8:14  Terran Infantry Weapons Level 2  
  127  8:16  Supply Depot  
  127  8:18  Terran Infantry Armor Level 2  
  127  8:19  Marine  
  124  8:23  Marine  
  124  8:25  Siege Tank  
  128  8:27  Marine x4  
  132  8:35  Marine x3  
  132  8:38  Command Center  
  132  8:39  Medivac, Terran Vehicle Weapons Level 1  
  137  8:43  Medivac  
  137  8:45  Marine x3  
  137  8:46  Marine  
  137  8:47  Marine  
  137  8:48  Marine  
  144  8:50  Factory Tech Lab  
  144  8:52  Combat Shields, Marine  
  144  8:53  Marine x2  
  148  9:00  Siege Tank  
  151  9:02  Marine  
  151  9:03  Marine x2  
  151  9:04  Marine x2  
  151  9:08  Barracks, Marine  
  157  9:10  Barracks, Marine  
  157  9:11  Medivac  
  157  9:13  Barracks, Medivac  
  160  9:17  Marine  
  160  9:18  Marine  
  160  9:21  Siege Tank  
  160  9:23  Marine x2  
  167  9:24  Marine  
  167  9:25  Supply Depot x2  
  167  9:29  Marine x2  
  170  9:35  Siege Tank  
  173  9:41  Viking  
  173  9:42  Marine  
  173  9:43  Viking  
  173  9:44  Marine x2  
  180  9:47  Marine x4  
  180  9:49  Marine x2  
  180  9:52  SCV x2  
  182  9:54  SCV  
  182  9:56  Marine  
  182  9:58  Marine  
  182  9:59  Marine  
  169  10:00  Marine  
  169  10:02  Marine x2  
  169  10:05  Marine x3  
  169  10:06  Marine  
  177  10:07  Marine  
  177  10:11  SCV x2  
  177  10:13  SCV  
  181  10:14  Medivac  
  181  10:17  Medivac  
  181  10:19  Barracks Reactor  
  185  10:24  Marine  
  185  10:25  Marine  
  185  10:26  Barracks Reactor x2  
  187  10:32  SCV x2  
  187  10:33  Terran Infantry Weapons Level 3  
  188  10:43  Siege Tank  
  188  10:47  Marine  
  192  11:00  Terran Infantry Armor Level 3  
  192  11:03  Planetary Fortress, SCV  
  193  11:05  Marine x2  
  193  11:07  Marine x5  
  188  11:21  Marine x2  
  188  11:22  Marine x3  
  134  11:28  Marine  
  134  11:29  Marine x2  
  128  11:32  Marine  
  128  11:33  Marine x6  
  128  11:36  Siege Tank x2  
  128  11:39  Marine x2  
  143  11:40  Marine x2  
  143  11:45  Marine  
  132  11:49  Marine x2  
  132  11:50  Marine x3  
  132  11:51  Marine x2  
  132  11:52  Marine, Marauder  
  132  11:53  Viking  
  140  11:56  Viking, Marine  
  140  11:57  Marine  
  140  11:58  Marine  
  138  12:03  SCV x3  
  138  12:05  SCV  
  138  12:06  Marine  
  143  12:08  Marine  
  143  12:11  Marine x2  
  146  12:16  Siege Tank  
  140  12:25  Marine x2  
  140  12:27  Marine x4  
  140  12:28  Marine  
  135  12:33  Siege Tank  
  135  12:34  Marine  
  135  12:35  Marine x2  
  135  12:36  Medivac x2  
  145  12:41  Marine x2  
  145  12:42  Marine  
  145  12:43  Marine  
  149  12:47  Marine  
  149  12:48  Marine  
  151  12:51  Marine  
  151  12:54  Marine x2  
  151  12:56  Marine x2  
  151  12:57  Marine x2  
  143  12:59  Marine x2  
  143  13:00  Marine x2  
  143  13:01  Marine x2  
  143  13:05  Marine  
  135  13:06  Medivac x2, Marine  
  135  13:08  Siege Tank  
  135  13:09  Marine  
  135  13:10  Siege Tank  
  135  13:11  Marine  
  135  13:12  Marine  
  149  13:14  Marine x3  
  149  13:15  Marine  
  149  13:17  Marine  
  149  13:18  Marine x3  
  149  13:19  Marine  
  157  13:21  Marine  
  157  13:23  Marine  
  158  13:28  Marine x2  
Tags
 
Add a new tag
Caveats
  • Supply blocks, unpowered buildings, or Contaminate may cause inaccurate times.
  • Supply counts are checked every 10 seconds.